 Dungeon Crawl Stone Soup version 0.31-a0-1603-gbec6b6ccbf (webtiles) character file.

Game seed: 15085882247066799532

93 experimilk the Shooter (level 4, -12/37 HPs)
             Began as a Kobold Hexslinger on Jan 7, 2024.
             Killed by divine providence
             ... invoked by an orc priest
              (14 damage)
             ... on level 3 of the Dungeon.
             The game lasted 00:05:44 (1920 turns).

experimilk the Shooter (Kobold Hexslinger)          Turns: 1920, Time: 00:05:44

Health: -12/37     AC: 22    Str:  5    XL:     4   Next: 92%
Magic:  5/5        EV:  3    Int: 14    God:
Gold:   70         SH:  0    Dex: 19    Spells: 3/5 levels left

rFire   . . .        j - +0 sling (drain)
rCold   . . .        (no shield)
rNeg    . . .        c - melded +0 robe
rPois   +            (helmet currently unavailable)
rElec   .            (cloak currently unavailable)
rCorr   .            (gloves currently unavailable)
SInv    .            (boots currently unavailable)
Will    .....        (no amulet)
Stlth   ++           (no ring)
HPRegen 0.26/turn    (no ring)
MPRegen 0.09/turn

%: no passive effects
@: confused, tree-form, weak-willed
A: stationary, stasis, torment immunity, boosted hp, small, no large weapons,
nightstalker 3
a: no special abilities


You were on level 3 of the Dungeon.
You were a tree.
You visited 1 branch of the dungeon, and saw 3 of its levels.

You collected 135 gold pieces.
You spent 65 gold pieces at shops.

Inventory:

Hand Weapons
 j - a +0 sling of draining (weapon)
Armour
 c - a +0 robe (melded)
Jewellery
 d - a ring of magical power
Scrolls
 a - 2 scrolls of identify {unknown}
 b - a scroll of poison
 f - a scroll of acquirement {unknown}
 h - a scroll of amnesia {unknown}
 i - a scroll of teleportation {unknown}
Potions
 g - 2 potions of lignification


   Skills:
 - Level 1.1 Fighting
 * Level 5.3 Ranged Weapons
 - Level 2.4 Dodging
 - Level 1.1 Spellcasting
 + Level 3.8 Hexes
 - Level 1.0 Fire Magic


You had 3 spell levels left.
You knew the following spells:

 Your Spells              Type           Power      Damage    Failure   Level
z - Jinxbite              Hex            22%        N/A       9%          2

Your spell library contained the following spells:

 Spells                   Type           Power      Damage    Failure   Level
 Sigil of Binding         Hex            11%        N/A       16%         3
 Inner Flame              Hex/Fire       7%         N/A       28%         3
 Mercury Vapours          Alch/Air       0%         N/A       36%         2
 Mephitic Cloud           Conj/Alch/Air  0%         N/A       61%         3
 Cause Fear               Hex            5%         N/A       47%         4
 Dimensional Bullseye     Hex/Tloc       3%         N/A       75%         4
 Freezing Cloud           Conj/Ice/Air   0%         6-21      100%        5


Dungeon Overview and Level Annotations

Branches:
Dungeon (3/15)

Altars:

Shops:
D:2 (   D:3 (

Annotations:
D:3 Robin


Innate Abilities, Weirdness & Mutations

You are a tree.
Your roots penetrate the ground, keeping you stationary.
You cannot be teleported.
You are immune to unholy pain and torment.
Your maximum health is greatly increased.
Your equipment is partially melded.
You are small and have problems with some larger weapons.
You are completely attuned to the shadows.


Message History

The orc wizard mumbles some strange words.
The orc wizard flickers and vanishes!
Deactivating autopickup; reactivate with Ctrl-A.
The orc wizard hits you with a +0 dagger.
* * * LOW HITPOINT WARNING * * *
The orc hits you but does no damage.
Unknown command.
Non-targeted confused fire: j) +0 sling (drain)
Press: ? - help, Q - select action, (/) - cycle Dir - look around, f - activate Look: an orc wizard, wielding a +0 dagger and wearing a +0 robe (moderately wounded)
You shoot a sling bullet. The sling bullet hits the orc!
You kill the orc!
The orc wizard gestures wildly while chanting.
The orc wizard flickers and vanishes!
Something hits you but does no damage. The orc priest completely misses you.
The endoplasm hits you.
* * * LOW HITPOINT WARNING * * *
Unknown command.
Non-targeted confused fire: j) +0 sling (drain)
Press: ? - help, Q - select action, (/) - cycle Dir - look around, f - activate Look: an orc priest, wielding a +0 dagger You shoot a sling bullet.
The endoplasm hits you but does no damage.
Something hits you but does no damage. x2
The orc priest hits you but does no damage.
The endoplasm hits you.
* * * LOW HITPOINT WARNING * * *
Something hits you but does no damage.
The orc priest hits you with a +0 dagger.
* * * LOW HITPOINT WARNING * * *
Something hits you but does no damage.
Unknown command.
Non-targeted confused fire: j) +0 sling (drain)
Press: ? - help, Q - select action, (/) - cycle Dir - look around, f - activate Look: an orc priest, wielding a +0 dagger You shoot a sling bullet.
Something hits you but does no damage. x2; The endoplasm hits you.
* * * LOW HITPOINT WARNING * * *
The orc priest invokes the aid of Beogh against you.
Beogh smites you!
You die...

###.....
##..#..##
##..###..#
######....#....
.........###.†.
###....## ##..
.########......#
#...
...J>{##†.....##
##..
#.{♣o.....#.##
##.
#.###..#.#### ##
# #.##### ##


You could see an orc priest and an endoplasm.

Vanquished Creatures
  2 adders
  2 dart slugs
  2 ribbon worms (D:3)
  5 orcs (D:3)
  5 ball pythons
  2 bats (D:2)
  4 endoplasms
  2 giant cockroaches (D:1)
  10 goblins
  5 hobgoblins
  2 jackals (D:2)
  A quokka (D:2)
  3 frilled lizards
  4 kobolds
  9 rats
58 creatures vanquished.

Notes
Turn   | Place    | Note
-------+----------+-------------------------------------------
     0 | D:1      | experimilk the Kobold Hexslinger began the quest for the
                  | Orb.
     0 | D:1      | Reached XP level 1. HP: 12/12 MP: 2/2
   158 | D:1      | Reached skill level 3 in Ranged Weapons
   283 | D:1      | Reached XP level 2. HP: 16/16 MP: 3/3
   906 | D:2      | Reached XP level 3. HP: 20/20 MP: 4/4
   907 | D:2      | Found Ucwopr Mieg's Weapon Shop.
   912 | D:2      | Reached skill level 4 in Ranged Weapons
  1038 | D:2      | Bought a +0 sling of draining for 65 gold pieces
  1372 | D:2      | Learned a level 2 spell: Jinxbite
  1477 | D:3      | Reached XP level 4. HP: 25/25 MP: 5/5
  1497 | D:3      | Found Hahetseu's Weapon Boutique.
  1521 | D:3      | Noticed Robin
  1707 | D:3      | Reached skill level 5 in Ranged Weapons
  1920 | D:3      | Killed from afar by an orc priest

Illustrated notes

Levels and vault maps discovered:
D:1:      lightli_arrival_statuegarden, layout_basic
D:2:      layout_basic, serial_shops, nicolae_shop_tiny_statue_garden
D:3:      layout_loops_ring, ashenzari_altar_1, serial_shops, shop,
          nicolae_figureground_sparkle, uniq_robin

Skill      XL: |  1  2  3  4 |
---------------+-------------+-----
Ranged Weapons | 3 4 5 |  5.3
Fighting       | |  1.1
Dodging        | |  2.4
Spellcasting   | |  1.1
Hexes          | |  3.8
Fire Magic     | |  1.0

Action                     |  1- 3 |  4- 6 || total
---------------------------+-------+-------++-------
   Fire: Sling             |    81 |    74 ||   155
   Cast: Jinxbite          |       |     3 ||     3
    Use: Potion            |       |     2 ||     2
 Armour: Robe              |     9 |    11 ||    20
         Skin              |       |    75 ||    75
  Dodge: Dodged            |    24 |    15 ||    39

Table legend: (Time is in decaauts)
 A = Elapsed time spent in this place.
 B = Non-inter-level travel time spent in this place.
 C = Inter-level travel time spent in this place.
 D = Time resting spent in this place.
 E = Time spent auto-exploring this place.
 F = Levels seen in this place.
 G = Mean time per level.
                   A        B        C        D        E       F      G
               +--------+--------+--------+--------+--------+-----+--------+
         Total |   1946 |   1914 |     32 |    386 |   1216 |   3 |  648.7 |
       Dungeon |   1946 |   1914 |     32 |    386 |   1216 |   3 |  648.7 |
               +--------+--------+--------+--------+--------+-----+--------+

Top non-repeatable levels by time:
     D:1: 793 daAuts
     D:2: 663 daAuts
     D:3: 489 daAuts
